 Dungeon Crawl Stone Soup version 0.19-a0-1002-g674d22e (console) character file.

10267 brucemayne the Cleaver (level 11, 0/81 HPs)
             Began as a Vampire Berserker on July 18, 2016.
             Was an Elder of Trog.
             Slain by a wasp (12 damage)
             ... on level 12 of the Dungeon.
             The game lasted 00:28:23 (5689 turns).

brucemayne the Cleaver (Vampire Berserker)          Turns: 5689, Time: 00:28:23

Health: 0/81       AC:  0    Str: 19    XL:     11   Next: 33%
Magic:  9/11       EV: 20    Int: 10    God:    Trog [****..]
Gold:   763        SH:  0    Dex: 19    Spells: 0 memorised, 10 levels left

rFire  . . .     SeeInvis +     (weapon currently unavailable)
rCold  . . .     Gourm    .     (armour currently unavailable)
rNeg   + . .     Faith    .     (shield currently unavailable)
rPois  .         Spirit   .     (helmet currently unavailable)
rElec  .         Dismiss  .     (cloak currently unavailable)
rCorr  .         Reflect  .     (gloves currently unavailable)
SustAt .         Harm     .     (boots currently unavailable)
MR     +++..                    s - amulet of magic regeneration
Stlth  ++........               (ring currently unavailable)
                                (ring currently unavailable)

@: bat-form, flying, very slightly contaminated, regenerating, very quick,
extremely resistant to hostile enchantments, unstealthy
A: fangs 3, see invisible, (unbreathing)
a: End Transformation, Berserk, Trog's Hand, Brothers in Arms, Burn Spellbooks,
Renounce Religion


You were on level 12 of the Dungeon.
You worshipped Trog.
Trog was greatly pleased with you.
You were not thirsty.
You were in vampire-bat-form.
You visited 3 branches of the dungeon, and saw 14 of its levels.
You also visited: Labyrinth.

You collected 763 gold pieces.

Inventory:

Hand Weapons
 a - a +2 broad axe of electrocution (melded)
 o - a +0 battleaxe
 H - a +0 blowgun
 S - a +0 war axe of flaming
Missiles
 g - 38 poisoned needles
 h - 7 needles of confusion
 u - 6 needles of sleeping
 C - 3 tomahawks (quivered)
Armour
 b - a +0 shield
 v - a +0 helmet (melded)
 y - a +1 plate armour
 U - the cursed +0 leather armour of Ladders and Snakes (melded) {Str+3}
   (You took it off a minotaur in a labyrinth)

   It affects your strength (+3).
   It has a curse placed upon it.
 W - a +0 cloak (melded)
Jewellery
 s - an amulet of magic regeneration (around neck)
 T - an uncursed ring of teleportation
 X - a ring of protection from fire (melded)
 Y - an uncursed ring of sustain attributes
Wands
 f - a wand of disintegration (8/24)
 r - a wand of flame (23/48)
 z - a wand of disintegration (13/24)
 B - a wand of acid (12/15)
 J - a wand of polymorph (8/24)
 P - a wand of paralysis (11/24)
 Q - a wand of acid (8/15)
 R - a wand of confusion (26/48)
Scrolls
 k - 2 scrolls of identify
 l - a scroll of enchant armour
 I - a scroll of recharging
 O - a scroll of teleportation
Potions
 c - 20 potions of blood
 d - a potion of invisibility {unknown}
 e - a potion of haste {unknown}
 j - 3 potions of lignification {unknown}
 m - 2 potions of agility {unknown}
 n - 2 potions of curing {unknown}
 p - 2 potions of heal wounds
 x - 2 potions of flight {unknown}
 G - 2 potions of might {unknown}
 L - 2 potions of ambrosia {unknown}
 N - 2 potions of brilliance {unknown}
Books
 i - Voemp's Disquisition on Talismans
   (You found it in a labyrinth)

   Spells                             Type                      Level
   a - Infusion                       Charms                       1
   b - Repel Missiles                 Charms/Air                   2
   c - Shroud of Golubria             Charms/Translocation         2
   d - Excruciating Wounds            Charms/Necromancy            5
   e - Deflect Missiles               Charms/Air                   6
   Trog disapproves of the use of such an item.
 q - a book of Power

   Spells                             Type                      Level
   a - Fulminant Prism                Conjuration/Hexes            4
   b - Iskenderun's Mystic Blast      Conjuration                  4
   c - Venom Bolt                     Conjuration/Poison           5
   d - Bolt of Magma                  Conjuration/Fire/Earth       5
   e - Iron Shot                      Conjuration/Earth            6
   f - Orb of Destruction             Conjuration                  7
   g - Spellforged Servitor           Conjuration/Summoning        7
   Trog disapproves of the use of such an item.
 D - a book of Burglary

   Spells                             Type                      Level
   a - Swiftness                      Charms/Air                   2
   b - Passwall                       Transmutation/Earth          2
   c - Passage of Golubria            Translocation                4
   d - Lee's Rapid Deconstruction     Earth                        5
   e - Darkness                       Hexes                        6
   f - Invisibility                   Hexes                        6
   Trog disapproves of the use of such an item.
 K - a book of the Earth

   Spells                             Type                      Level
   a - Leda's Liquefaction            Hexes/Earth                  4
   b - Bolt of Magma                  Conjuration/Fire/Earth       5
   c - Statue Form                    Transmutation/Earth          6
   d - Iron Shot                      Conjuration/Earth            6
   e - Shatter                        Earth                        9
   Trog disapproves of the use of such an item.
 M - a book of Changes

   Spells                             Type                      Level
   a - Beastly Appendage              Transmutation                1
   b - Sticks to Snakes               Transmutation                2
   c - Spider Form                    Transmutation/Poison         3
   d - Ice Form                       Ice/Transmutation            4
   e - Blade Hands                    Transmutation                5
   Trog disapproves of the use of such an item.
 V - the Handbook of Execration
   (You found it in a labyrinth)

   Spells                             Type                      Level
   a - Slow                           Hexes                        2
   b - Ensorcelled Hibernation        Hexes/Ice                    2
   c - Inner Flame                    Hexes/Fire                   3
   d - Invisibility                   Hexes                        6
   Trog disapproves of the use of such an item.


   Skills:
 - Level 6.0 Fighting
 + Level 14.1 Axes
 - Level 5.3 Armour
 - Level 2.1 Dodging


You had 10 spell levels left.
You didn't know any spells.

Dungeon Overview and Level Annotations

Branches:
Dungeon (12/15)            Temple (1/1) D:5            Lair (0/6) D:9
    Orc (2/2) D:11
    Elf: Orc:2

Altars:
Ashenzari
Dithmenos
Elyvilon
Fedhas
Gozag
Hepliaklqana
Nemelex Xobeh
Pakellas
Qazlal
Ru
Trog
Uskayaw
Vehumet
Xom
Zin
The Shining One

Shops:
D:8 =

Annotations:
Orc:2 Nessos


Innate Abilities, Weirdness & Mutations

You have razor-sharp teeth.
You have supernaturally acute eyesight. (SInv)
((You can survive without breathing.))


Message History

The troll is lightly wounded.
The troll barely misses you. The troll claws you!
* * * LOW HITPOINT WARNING * * *
The troll claws you!
* * * LOW HITPOINT WARNING * * *
Unknown command.
Okay, then.
Blink to where?
Press: ? - help, Dir - move target cursor You are very lightly contaminated with residual magic.
As you read the scroll of blinking, it crumbles to dust.
Yummy - fresh blood!
You turn into a vampire bat.
Your +2 broad axe of electrocution melds into your body.
Your +0 cloak melds into your body.
Your +0 helmet melds into your body.
The cursed +0 leather armour of Ladders and Snakes {Str+3} melds into your body.
Your ring of protection from fire melds into your body.
Your +2 broad axe of electrocution stops crackling.
The wasp stings you!
You die...

..........≈....
........)..≈...
#.....≈≈≈≈≈.
#.....≈... .##
#<........ ...
#......... ..
#T........
###.##y#.######
#....b.#.#
#........#
###..##### #..
#.. ... #...
#.#.


You could see a troll and a wasp.

Vanquished Creatures
  A minotaur (Lab)
  An orc knight (Orc:1)
  2 ugly things (D:11)
  An orc sorcerer (Orc:1)
  3 trolls
  A two-headed ogre (D:11)
  A spriggan (D:9)
  14 yaks (D:9)
  A wyvern (D:12)
  A vampire (D:11)
  A hippogriff (D:11)
  4 hungry ghosts (Lab)
  2 wargs (Orc:2)
  A water moccasin (D:10)
  4 orc warriors
  2 ice beasts
  A sky beast (D:8)
  2 wasps
  A black bear (D:7)
  6 ogres
  A centaur (D:10)
  3 big kobolds
  A giant frog (D:8)
  5 scorpions (D:7)
  A wyvern skeleton (D:8)
  A giant frog zombie (D:9)
  3 crimson imps
  A centaur zombie (D:7)
  5 orc priests
  4 centaur skeletons
  A gnoll shaman (D:9)
  21 orc wizards
  3 giant frog skeletons
  2 worker ants
  A hound skeleton (D:5)
  8 gnolls
  9 adders
  A shadow imp (D:8)
  An ooze (D:1)
  An adder skeleton (D:9)
  2 giant geckos
  62 orcs
  10 bats
  4 giant cockroaches
  A goblin (D:3)
  A hobgoblin (D:1)
  A quokka (D:3)
  A giant newt (D:2)
  17 kobolds
  5 rats
227 creatures vanquished.

Vanquished Creatures (others)
  2 fungi (D:7)
2 creatures vanquished.

Grand Total: 229 creatures vanquished

Notes
Turn   | Place    | Note
-------+----------+-------------------------------------------
     0 | D:1      | brucemayne the Vampire Berserker began the quest for the Orb.
     0 | D:1      | Reached XP level 1. HP: 17/17 MP: 1/1
    73 | D:1      | Reached skill level 3 in Axes
   127 | D:1      | Reached XP level 2. HP: 20/23 MP: 2/2
   179 | D:2      | Reached XP level 3. HP: 28/28 MP: 3/3
   256 | D:1      | Reached skill level 4 in Axes
   293 | D:2      | Reached ** piety under Trog
   438 | D:3      | Found a sacrificial altar of Ru.
   586 | D:3      | Found a sparkling altar of Nemelex Xobeh.
   628 | D:3      | Found a shimmering altar of Xom.
   639 | D:3      | Reached XP level 4. HP: 21/34 MP: 4/4
   686 | D:4      | Reached skill level 5 in Axes
   742 | D:4      | Reached XP level 5. HP: 23/39 MP: 5/5
   882 | D:5      | Entered Level 5 of the Dungeon
  1054 | D:5      | Found a staircase to the Ecumenical Temple.
  1059 | Temple   | Entered the Ecumenical Temple
  1233 | D:5      | Reached skill level 6 in Axes
  1262 | D:5      | Found a shattered altar of Ashenzari.
  1304 | D:5      | You fall through a shaft for 3 floors!
  1322 | D:8      | Reached XP level 6. HP: 41/46 MP: 6/6
  1500 | D:7      | Reached skill level 7 in Axes
  1526 | D:7      | Reached XP level 7. HP: 40/51 MP: 7/7
  1693 | D:7      | Reached skill level 8 in Axes
  1761 | D:8      | Paralysed by a wasp for 1 turns
  1829 | D:8      | Found a sacrificial altar of Ru.
  1888 | D:8      | Noticed a spriggan
  2138 | D:9      | Noticed a yak
  2139 | D:9      | Noticed a yak
  2140 | D:9      | Noticed a yak
  2254 | D:8      | Reached XP level 8. HP: 28/58 MP: 8/8
  2295 | D:8      | Reached *** piety under Trog
  2364 | D:8      | Reached skill level 9 in Axes
  2615 | D:8      | Found a glowing silver altar of Zin.
  2618 | D:8      | Found an opulent altar of Gozag.
  2723 | D:8      | Found Geuv Bad's Jewellery Emporium.
  2944 | D:9      | Reached skill level 5 in Fighting
  2977 | D:9      | Reached XP level 9. HP: 35/68 MP: 9/9
  3002 | D:9      | Found a staircase to the Lair.
  3020 | D:9      | Reached skill level 10 in Axes
  3060 | D:9      | Found a shadowy altar of Dithmenos.
  3158 | D:9      | Reached skill level 11 in Axes
  3298 | D:9      | Reached XP level 10. HP: 51/76 MP: 10/10
  3380 | D:10     | Entered Level 10 of the Dungeon
  3404 | D:10     | Reached skill level 5 in Armour
  3458 | D:10     | Reached **** piety under Trog
  3979 | D:11     | Found a staircase to the Orcish Mines.
  4171 | Orc:1    | Entered Level 1 of the Orcish Mines
  4173 | Orc:1    | Noticed an orc sorcerer
  4193 | Orc:1    | Killed an orc sorcerer
  4193 | Orc:1    | Reached skill level 12 in Axes
  4204 | Orc:1    | Noticed an orc knight
  4231 | Orc:1    | Killed an orc knight
  4412 | Orc:2    | Entered Level 2 of the Orcish Mines
  4610 | Orc:2    | Reached skill level 13 in Axes
  4673 | Orc:2    | Noticed Nessos
  4675 | Orc:2    | Noticed Nessos
  4675 | Orc:2    | Nessos changed into Nessos the boulder beetle
  4753 | Orc:2    | Found a labyrinth entrance.
  4762 | Lab      | Entered a labyrinth
  4917 | Lab      | Reached XP level 11. HP: 64/81 MP: 11/11
  4969 | Lab      | Noticed a minotaur
  4985 | Lab      | Killed a minotaur
  4990 | Lab      | Got a faintly glowing leather armour
  5001 | Lab      | Identified the Handbook of Execration
  5049 | Lab      | Identified the cursed +0 leather armour of Ladders and Snakes {Str+3} (You took it off a minotaur in a labyrinth)
  5053 | Lab      | Identified Voemp's Disquisition on Talismans (You found it in a labyrinth)
  5086 | Orc:2    | Noticed an orc warlord
  5180 | D:11     | Noticed a cyan ugly thing
  5181 | D:11     | Noticed a cyan ugly thing
  5187 | D:11     | Killed a cyan ugly thing
  5194 | D:11     | Killed a white ugly thing
  5302 | D:11     | Reached skill level 14 in Axes
  5689 | D:12     | Slain by a wasp

Vault maps used:
D:1:      dpeg_arrival_prison, columned_hall_lemuel
D:2:      first_bread, st_stairs_13
D:3:      old_standard_altar, nemelex_xobeh_ov_fountains_minmay,
          lemuel_round_altar, grunt_qazlal_clouds
D:4:      uniq_sigmund
D:5:      lemuel_coloured_pillars_altar, kennysheep_big_empty_room
D:7:      old_forge, makhleb_altar_promises_db, uniq_duvessa,
          uniq_crazy_yiuf_cottage
D:8:      grunt_temple_overflow_gold_and_silver, nicolae_overflow_hidden_temple,
          serial_shops, shop, basic_altar, grunt_pizzeria
D:9:      nicolae_dithmenos_through_a_glass_darkly, dpeg_lair_monsters
D:11:     hiddenorc2_lemuel
D:12:     serial_shops, nicolae_shop_behind_doors,
          hangedman_abyss_or_decor_passed
Temple:   dpeg_three_leaves_temple
Orc:1:    serial_shops, shop
Orc:2:    st_orc_pillars, lab_entry_generic, nicolae_orc_crystal_geode,
          uniq_nessos
Lab:      nicolae_lab_dead_adventurers, labyrinth_skeletal_remains,
          labyrinth_fake_exit, nicolae_lab_hexagon, lab_fountain,
          nicolae_lab_plus, nicolae_lab_statue, nicolae_lab_checkerboard

Skill      XL: |  1  2  3  4  5  6  7  8  9 10 11 |
---------------+----------------------------------+-----
Axes           | 3 4 5 6 7 8 9 11 13 14 | 14.1
Fighting       | 3 5 6 |  6.0
Armour         | 4 5 |  5.3
Dodging        | |  2.1

Action                   |  1- 3 |  4- 6 |  7- 9 | 10-12 || total
-------------------------+-------+-------+-------+-------++-------
Melee: Hand axe          |    99 |   141 |   251 |   205 ||   696
       Bite              |    11 |    10 |    30 |    56 ||   107
       War axe           |       |       |       |   173 ||   173
       Unarmed           |       |       |       |     1 ||     1
       Broad axe         |       |       |       |    45 ||    45
Invok: Berserk           |     2 |     4 |    10 |    11 ||    27
       Trog's Hand       |       |     1 |     8 |    15 ||    24
 Abil: Bat Form          |       |     1 |     4 |    10 ||    15
       End Transformatio |       |     1 |     4 |     9 ||    14
Evoke: Wand              |       |       |       |     5 ||     5
  Use: Potion            |     2 |     8 |    18 |    24 ||    52
       Scroll            |       |     4 |     4 |    10 ||    18
Armor: Animal skin       |    18 |       |       |       ||    18
       Scale mail        |    32 |    11 |       |       ||    43
       Plate armour      |       |    99 |   142 |   230 ||   471
       Leather armour    |       |       |       |    11 ||    11
Dodge: Dodged            |    73 |    50 |    61 |   150 ||   334
